 Dungeon Crawl Stone Soup version 0.29-a0-422-gafbd6decc1 (webtiles) character file.

Game seed: 7452873776957257045

87 xian the Ducker (level 4, -5/35 HPs)
             Began as a Djinni Chaos Knight on May 18, 2022.
             Was a Plaything of Xom.
             Slain by a gnoll
             ... wielding a +0 spear
              (8 damage)
             ... on level 3 of the Dungeon.
             The game lasted 00:05:41 (2539 turns).

xian the Ducker (Djinni Chaos Knight)               Turns: 2539, Time: 00:05:42

Health: -5/35      AC:  5    Str: 13      XL:     4   Next: 80%
Gold:   108        EV: 12    Int: 13 (14) God:    Xom [..*...] SH:  0 Dex: 10 (12)

rFire   + + .      SeeInvis .   a - +0 spear (chaos)
rCold   x . .      Faith    .   (no shield)
rNeg    . . .      Spirit   .   b - +2 leather armour
rPois   ∞          Reflect  .   (no helmet)
rElec   .          Harm     .   (no cloak)
rCorr   .          Rampage  .   (no gloves)
Will    .....                   (boots unavailable)
Stlth   +.........              (no amulet)
HPRegen 0.11/turn               (no ring)
MPRegen 0.00/turn               (no ring)

@: about to teleport, flying
A: sickness immunity, fire resistance 2, cold vulnerability 1, float, innate
caster, HP casting, extra vitality 1
a: Renounce Religion


You were on level 3 of the Dungeon.
You worshipped Xom.
You were a toy of Xom.
You visited 1 branch of the dungeon, and saw 3 of its levels.

You collected 108 gold pieces.

Inventory:

Hand Weapons
 a - a +0 spear of chaos (weapon)
 k - a +1 dagger of venom
Missiles
 h - 3 datura-tipped darts (quivered)
Armour
 b - a +2 leather armour (worn)
Scrolls
 d - a scroll of fog {unknown}
 e - a scroll of teleportation
 g - a scroll of blinking {unknown}
 i - a scroll of enchant armour {unknown}
Potions
 f - a potion of mutation {unknown}
 j - a potion of invisibility
 l - a potion of might {unknown}
 m - a potion of haste
 n - a potion of magic {unknown}
Miscellaneous
 c - a piece from Xom's chessboard (15/15)


   Skills:
 + Level 3.3 Fighting
 + Level 3.0 Polearms
 + Level 1.8 Armour
 + Level 3.4 Dodging
 + Level 0.4 Stealth
 + Level 0.1 Evocations


You had 2 spell levels left.
You knew the following spells:

 Your Spells              Type           Power      Damage    Failure   Level
a - Slow                  Hex            0%         N/A       36%         1
Your spell library was empty.

Dungeon Overview and Level Annotations

Branches:
Dungeon (2/15)

Altars:


Innate Abilities, Weirdness & Mutations

You are immune to sickness and miasma.
You are immune to poison.
Your flesh is very heat resistant. (rF++)
You are vulnerable to cold. (rC-)
You float through the air rather than walking.
You learn spells naturally, not from books.
Your magical power is your life essence.
You have superior vitality. (+4 MHP)


Message History

The giant cockroach bites your ice beast but does no damage.
The gnoll hits your ice beast with a +0 spear.
The gnoll hits your ice beast with a +0 club.
Your ice beast hits the giant cockroach.
Your ice beast freezes the giant cockroach.
The giant cockroach dies!
The gnoll hits your ice beast with a +0 club.
The gnoll hits your ice beast but does no damage.
Your ice beast closely misses the gnoll.
The gnoll hits your ice beast with a +0 spear.
The gnoll barely misses your ice beast.
Your ice beast completely misses the gnoll.
The gnoll hits your ice beast with a +0 spear.
The gnoll closely misses your ice beast.
Your ice beast closely misses the gnoll.
The gnoll barely misses your ice beast.
Your ice beast closely misses the gnoll.
The gnoll hits your ice beast with a +0 spear.
Your ice beast dies!
Your ice beast disappears in a puff of smoke!
You see here a fuming brown potion.
You hit the giant cockroach. You freeze the giant cockroach.
You kill the giant cockroach!
The gnoll closely misses you.
You see here a giant cockroach corpse.
You closely miss the gnoll. The gnoll hits you with a +0 club.
* * * LOW HITPOINT WARNING * * *
The gnoll closely misses you. The gnoll barely misses you.
You hit the gnoll. You burn the gnoll.
The gnoll is moderately wounded.
The gnoll hits you with a +0 club.
* * * LOW HITPOINT WARNING * * *
The gnoll barely misses you.
The gnoll hits you from afar with a +0 spear.
* * * LOW HITPOINT WARNING * * *
As you read the scroll of teleportation, it crumbles to dust.
You feel strangely unstable. The gnoll closely misses you.
The gnoll hits you from afar with a +0 spear!
You die...
Xom thinks this is hilarious!

#########
##...#...##
######.........##
#!@g............#
#.g.............##.
#...g.†............
#.......†.)....>...
###.##....#........
......#.....#.....
#......#####.......
#......# .#.....
#......# .......


You could see 3 gnolls.

Vanquished Creatures
  A gnoll (D:3)
  2 adders (D:2)
  3 worms (D:2)
  A bat (D:2)
  4 endoplasms
  5 giant cockroaches
  2 goblins
  5 hobgoblins
  6 jackals
  2 quokkas (D:1)
  3 ball pythons
  3 frilled lizards
  2 kobolds
  6 rats
45 creatures vanquished.

Vanquished Creatures (collateral kills)
  A giant cockroach (D:3)
1 creature vanquished.

Grand Total: 46 creatures vanquished

Notes
Turn   | Place    | Note
-------+----------+-------------------------------------------
     0 | D:1      | xian the Djinni Chaos Knight began the quest for the Orb.
     0 | D:1      | Reached XP level 1. HP: 20/20 MP: 0/0
    21 | D:1      | Found a faded altar of an unknown god.
    57 | D:1      | XOM: silly message
    63 | D:1      | Reached XP level 2. HP: 12/25 MP: 0/0
   489 | D:1      | XOM: silly message
   791 | D:1      | XOM: silly message
   826 | D:1      | XOM: silly message
  1002 | D:1      | XOM: silly message
  1013 | D:1      | Reached XP level 3. HP: 27/30 MP: 0/0
  1013 | D:1      | Learned a level 1 spell: Slow
  1707 | D:2      | Reached XP level 4. HP: 27/35 MP: 0/0
  2000 | D:2      | XOM: silly message
  2315 | D:2      | XOM: cloud trail
  2404 | D:2      | XOM: god gift: fizzy sapphire potion {god gift}
  2507 | D:2      | You are sucked into a shaft and drop 1 floor!
  2507 | D:3      | XOM: noise
  2527 | D:3      | XOM: cast spell 'Summon Ice Beast'
  2539 | D:3      | Slain by a gnoll

Illustrated notes

Levels and vault maps discovered:
D:1:      noname_arrival_rooms_in_the_neighbourhood, layout_rooms,
          basic_ecumenical_altar, minmay_tromino_v2
D:2:      layout_loops_cross, grunt_ministairs_9, uniq_robin
D:3:      layout_rooms, mainiacjoe_overflow_divided_tiny

Skill      XL: |  1  2  3  4 |
---------------+-------------+-----
Polearms       | 3 |  3.0
Dodging        | 3 |  3.4
Fighting       | |  3.3
Armour         | |  1.8
Stealth        | |  0.4
Evocations     | |  0.1

Action                   |  1- 3 |  4- 6 || total
-------------------------+-------+-------++-------
Melee: Spear             |   125 |    52 ||   177
       Punch             |     3 |     1 ||     4
Throw: Dart              |     3 |       ||     3
Evoke: Piece from Xom's  |     2 |       ||     2
  Use: Potion            |     1 |     1 ||     2
       Scroll            |       |     4 ||     4
 Stab: Paralysed         |     1 |     1 ||     2
Armor: Leather armour    |    50 |    10 ||    60
Dodge: Dodged            |   121 |    35 ||   156

Table legend: (Time is in decaauts)
 A = Elapsed time spent in this place.
 B = Non-inter-level travel time spent in this place.
 C = Inter-level travel time spent in this place.
 D = Time resting spent in this place.
 E = Time spent auto-exploring this place.
 F = Levels seen in this place.
 G = Mean time per level.
                   A        B        C        D        E       F      G
               +--------+--------+--------+--------+--------+-----+--------+
         Total |   2530 |   2530 |      0 |      0 |   2026 |   3 |  843.3 |
       Dungeon |   2530 |   2530 |      0 |      0 |   2026 |   3 |  843.3 |
               +--------+--------+--------+--------+--------+-----+--------+

Top non-repeatable levels by time:
     D:2: 1325 daAuts
     D:1: 1173 daAuts
     D:3: 31 daAuts
